 Dungeon Crawl Stone Soup version 0.27.1-37-g7b29ead8ac (console) character file.

Game seed: 3252754716912078001

520 grimtooth the Chopper (level 7, -2/66 HPs)
             Began as a Hill Orc Monk on Jan 6, 2024.
             Slain by an ogre (29 damage)
             ... on level 4 of the Dungeon.
             The game lasted 00:21:50 (5876 turns).

grimtooth the Chopper (Hill Orc Monk)               Turns: 5876, Time: 00:21:50

Health: -2/66      AC:  4    Str: 16    XL:     7   Next: 21%
Magic:  7/7        EV: 12    Int: 10    God:
Gold:   36         SH:  0    Dex: 13    Spells: 6/6 levels left

rFire    + . .     SeeInvis .   b - +2 short sword (venom)
rCold    . . .     Faith    .   (no shield)
rNeg     . . .     Spirit   .   n - +0 leather armour
rPois    .         Reflect  .   (no helmet)
rElec    .         Harm     .   i - +0 cloak
rCorr    .         Rampage  .   (no gloves)
Will     .....                  (no boots)
Stlth    ++........             (no amulet)
HPRegen  0.21/turn              l - ring of protection from fire
MPRegen  0.10/turn              (no ring)

@: no status effects
A: no striking features
a: no special abilities


You were on level 4 of the Dungeon.
You visited 1 branch of the dungeon, and saw 5 of its levels.

You collected 92 gold pieces.
You spent 56 gold pieces at shops.

Inventory:

Hand Weapons
 a - a +0 hand axe
 b - a +2 short sword of venom (weapon)
Missiles
 c - 85 stones (quivered)
 m - 5 boomerangs
Armour
 i - a +0 cloak (worn)
 n - a +0 leather armour (worn)
Jewellery
 l - a ring of protection from fire (left hand)
Scrolls
 j - a scroll of noise
 k - 2 scrolls of enchant weapon {unknown}
 o - a scroll of fog
 p - a scroll of vulnerability {unknown}
 q - a scroll of teleportation {unknown}
Potions
 d - a potion of might
 e - 4 potions of flight
 f - 2 potions of brilliance
 g - 2 potions of curing
 h - a potion of lignification
 r - a potion of attraction {unknown}


   Skills:
 + Level 7.2 Fighting
 + Level 7.9 Axes
 - Level 2.4 Dodging
 - Level 1.5 Stealth


You had 6 spell levels left.
You didn't know any spells.
Your spell library was empty.

Dungeon Overview and Level Annotations

Branches:
Dungeon (5/15)
 Temple: D:4-7

Altars:
Okawaru
The Shining One

Shops:
D:2 ?   D:4 (=   D:5 [

Annotations:
D:1 Terence
D:2 exclusion: kobold
D:4 exclusion: scorpion


Message History

The hound skeleton bites you but does no damage.
The hound skeleton bites you.
The ogre shouts!
The hound skeleton barely misses you.
Found 14 gold pieces.
The hound skeleton bites you.
The hound skeleton bites you but does no damage.
There is a stone staircase leading up, spattered with blood here.
The hound skeleton barely misses you.
The hound skeleton bites you but does no damage.
You climb upwards.
Level annotation: exclusion: scorpion
There is a stone staircase leading down here.
You climb downwards.
The ogre closely misses you.
The hound skeleton bites you but does no damage.
The hound skeleton closely misses you.
There is a stone staircase leading up, spattered with blood here.
The ogre hits you with a +0 giant club!
The hound skeleton bites you but does no damage.
You climb upwards.
Level annotation: exclusion: scorpion
There is a stone staircase leading down here.
The ogre misses you.
Your +2 short sword of venom begins to drip with poison!
b - a +2 short sword of venom (weapon)
You hit the ogre.
The ogre is poisoned.
The ogre is lightly wounded.
The ogre hits you with a +0 giant club!!
* * * LOW HITPOINT WARNING * * *
You see here a +0 spear.
There is a stone staircase leading up here.
The ogre misses you.
The ogre looks more healthy.
You see here a +0 spear.
There is an escape hatch in the ceiling here.
Press: ? - help, v - describe, . - travel
Here: an ogre, wielding a +0 giant club (severely wounded)
The floor.
There is a stone staircase leading down here.
The ogre hits you with a +0 giant club!!
You die...

# ##.#.## ####....# #.# # ##.##
#.....## #.### #
##############.#.#[######.... #
#............................ #
###.###..###.###.#.#.########.. #
#.........##.# #.....# ##.
###.###..P.....# ###.#.# ##..
#...# #..PP....# #.#.# #..#
#.#.###.......#### #.#.# #...
...............O># #.#.# #.#.
..#.#####.#..∩##@###.#.# #...
..#.#.s................#######...
.................................
....#.###.##.###.##.#############
....#.# #.##.# #.##.# #
#...#.###.##.###.##.#
..[.....#.##.##..##.#
......#.#.##.##.###.#
.....##.#.#...#.###.#
....###..........##.#
...######.#...#..##.#


You could see an ogre.

Vanquished Creatures
  An ogre (D:4)
  A necrophage (D:5)
  A wyvern zombie (D:5)
  A bullfrog zombie (D:3)
  A centaur zombie (D:5)
  A jelly (D:4)
  2 iguanas (D:4)
  An orc wizard (D:3)
  4 adders
  2 worms
  A dart slug (D:4)
  7 orcs
  9 ball pythons
  8 endoplasms
  3 giant cockroaches (D:3)
  5 goblins
  3 hobgoblins
  3 quokkas
  4 bats
  3 frilled lizards (D:2)
  6 kobolds
  10 rats
77 creatures vanquished.

Notes
Turn   | Place    | Note
-------+----------+-------------------------------------------
     0 | D:1      | grimtooth the Hill Orc Monk began the quest for the Orb.
     0 | D:1      | Reached XP level 1. HP: 19/19 MP: 1/1
   476 | D:1      | Found a faded altar of an unknown god.
   533 | D:1      | Reached XP level 2. HP: 27/27 MP: 2/2
  1277 | D:2      | Found Docub's Magic Scroll Boutique.
  1281 | D:2      | Bought a scroll of identify for 28 gold pieces
  1284 | D:2      | Bought a scroll of identify for 28 gold pieces
  1354 | D:2      | Noticed Terence
  1557 | D:2      | Found an iron altar of Okawaru.
  1563 | D:2      | Reached XP level 3. HP: 32/34 MP: 3/3
  1714 | D:2      | Reached skill level 5 in Axes
  2329 | D:3      | Reached XP level 4. HP: 36/41 MP: 4/4
  2330 | D:3      | You fall into a shaft and drop 1 floor!
  2395 | D:4      | Found Vaawn's Jewellery Boutique.
  2406 | D:4      | Noticed a scorpion
  2794 | D:3      | Reached skill level 5 in Fighting
  3020 | D:3      | Reached XP level 5. HP: 39/48 MP: 5/5
  3520 | D:3      | Found a glowing golden altar of the Shining One.
  3593 | D:3      | You fall into a shaft and drop 2 floors!
  3593 | D:5      | Entered Level 5 of the Dungeon
  3608 | D:5      | - man the wyvern zombies give me trouble
  3608 | D:5      | Noticed an ogre
  3641 | D:5      | Reached XP level 6. HP: 27/57 MP: 6/6
  3669 | D:5      | Noticed a necrophage
  3690 | D:5      | Found Xiliodoo's Antique Armour Emporium.
  4460 | D:4      | Found Neopuf's Antique Weapon Emporium.
  5429 | D:4      | Reached XP level 7. HP: 7/66 MP: 7/7
  5876 | D:4      | Slain by an ogre

Illustrated notes

##. ..? ####..
.. ##.....###Z#
.........#.###
.............
.... ...(..#
..... #.(.#
......#...## .
.......@...#...#
..............#
...?...#.....##
.[...##.........
..... #..##....[
.... #... .....
... .... .....
... ..... ....
##.... ...


Turn 3608 on D:5: - man the wyvern zombies give me trouble

Levels and vault maps discovered:
D:1:      lemuel_arrival_river_ford, layout_loops_ring, basic_ecumenical_altar
D:2:      layout_rooms, serial_shops, nicolae_shop_trees, basic_altar,
          uniq_terence
D:3:      layout_rooms, nicolae_tso_carved_into_rock,
          chequers_serial_rivers_large_b
D:4:      layout_loops_ring, serial_shops, shop, nicolae_take_the_stairs,
          serial_park_tiny_1
D:5:      layout_cave_pools, temple_pool_b, serial_shops, nicolae_diamond_shop

Skill      XL: |  1  2  3  4  5  6 |
---------------+-------------------+-----
Fighting       | 4 5 6 7 |  7.2
Axes           | 5 6 7 |  7.9
Dodging        | |  2.4
Stealth        | |  1.5

Action                   |  1- 3 |  4- 6 |  7- 9 || total
-------------------------+-------+-------+-------++-------
Melee: Hand axe          |   106 |   190 |     2 ||   298
       Short sword       |       |     7 |    10 ||    17
Throw: Stone             |    52 |    51 |     1 ||   104
  Use: Scroll            |     5 |     3 |       ||     8
       Potion            |       |     2 |       ||     2
 Stab: Sleeping          |     2 |     2 |       ||     4
Armor: Robe              |    20 |     8 |       ||    28
       Leather armour    |       |    30 |    12 ||    42
Dodge: Dodged            |    68 |   115 |    19 ||   202
